[Event "CZE-ch Women 2019"]
[Site "Prague"]
[Date "2019.06.15"]
[Round "1.1"]
[White "Laurincova, Kristyna"]
[Black "Novosadova, Kristyna"]
[Result "1/2-1/2"]
[ECO "B88"]
[WhiteElo "1984"]
[BlackElo "2209"]
[Annotator "NA"]
[PlyCount "61"]
[EventDate "2019.06.15"]
[EventType "tourn"]
[EventCountry "CZE"]
[SourceTitle "playchess.com"]
[Source "ChessBase"]
[SourceQuality "1"]
[TimeControl "40/5400+30:1800+30"]

1. e4 c5 2. Nf3 Nc6 3. d4 cxd4 4. Nxd4 d6 5. Nc3 Nf6 6. Bc4 e6 7. O-O Be7 8. Bb3 O-O 9. Re1 Nd7 10. Be3 Nc5 11. Nxc6 bxc6 12. Bxc5 dxc5 13. e5 Ba6 14. Qg4 Rb8 15. Rad1 Qc7 16. Ne4 Qxe5 17. Rd7 c4 18. Rxe7 cxb3 19. axb3 Rb7 20. Rxb7 Bxb7 21. c3 f5 22. Qg3 Qxg3 23. Nxg3 Kf7 24. f3 Rd8 25. Kf2 Rd5 26. Ke3 g5 27. Nf1 Ba6 28. c4 Rd7 29. Ra1 Bc8 30. Nd2 Kf6 31. Ra5 1/2-1/2

[Event "CZE-ch Women 2019"]
[Site "Prague"]
[Date "2019.06.15"]
[Round "1.2"]
[White "Kulovana, Eva"]
[Black "Kanakova, Natalie"]
[Result "0-1"]
[ECO "B27"]
[WhiteElo "2208"]
[BlackElo "2201"]
[Annotator "NA"]
[PlyCount "46"]
[EventDate "2019.06.15"]
[EventType "tourn"]
[EventCountry "CZE"]
[SourceTitle "playchess.com"]
[Source "ChessBase"]
[SourceQuality "1"]
[TimeControl "40/5400+30:1800+30"]

1. e4 c5 2. Nf3 g6 3. d4 cxd4 4. Qxd4 Nf6 5. e5 Nc6 6. Qa4 Nd5 7. Qe4 Nb6 8. Nc3 d5 9. exd6 Bf5 10. Qh4 Qxd6 11. Bf4 Qb4 12. O-O-O Na4 13. Nxa4 Qxa4 14. Bd3 Qxa2 15. Bxf5 gxf5 16. c3 Rc8 17. Be5 Rg8 18. h3 Rg6 19. Rhe1 Bh6+ 20. Nd2 Bg5 21. Qxh7 Qa1+ 22. Kc2 Nb4+ 23. Kb3 Qa2+ 0-1

[Event "CZE-ch Women 2019"]
[Site "Prague"]
[Date "2019.06.15"]
[Round "1.3"]
[White "Olsarova, Karolina"]
[Black "Petrova, Kristyna"]
[Result "1-0"]
[ECO "B40"]
[WhiteElo "2260"]
[BlackElo "2259"]
[Annotator "NA"]
[PlyCount "65"]
[EventDate "2019.06.15"]
[EventType "tourn"]
[EventCountry "CZE"]
[SourceTitle "playchess.com"]
[Source "ChessBase"]
[SourceQuality "1"]
[TimeControl "40/5400+30:1800+30"]

1. e4 c5 2. Nf3 e6 3. b3 a6 4. Bb2 Nc6 5. c4 Qc7 6. g3 Nf6 7. e5 Ng4 8. Qe2 Nh6 9. Na3 Nf5 10. Nc2 Be7 11. Bg2 O-O 12. O-O b5 13. d4 bxc4 14. Qxc4 a5 15. Rfc1 Ba6 16. Qc3 Qa7 17. Qd2 Rab8 18. d5 exd5 19. Qxd5 c4 20. Bh3 Nh6 21. Bxd7 Rbd8 22. e6 Nb8 23. Ne5 Nxd7 24. exd7 Bb7 25. Qxc4 Bf6 26. Qc7 Bxe5 27. Qxe5 f6 28. Qe6+ Kh8 29. Ba3 Rg8 30. Be7 Qa6 31. Qxa6 Bxa6 32. Bxd8 Rxd8 33. Rd1 1-0

[Event "CZE-ch Women 2019"]
[Site "Prague"]
[Date "2019.06.15"]
[Round "1.4"]
[White "Sikorova, Olga"]
[Black "Miturova, Magdalena"]
[Result "1-0"]
[ECO "A20"]
[WhiteElo "2248"]
[BlackElo "2220"]
[Annotator "NA"]
[PlyCount "81"]
[EventDate "2019.06.15"]
[EventType "tourn"]
[EventCountry "CZE"]
[SourceTitle "playchess.com"]
[Source "ChessBase"]
[SourceQuality "1"]
[TimeControl "40/5400+30:1800+30"]

1. c4 e5 2. g3 Nf6 3. Bg2 h6 4. Nc3 Bb4 5. Nd5 Nxd5 6. cxd5 O-O 7. e3 c6 8. Ne2 cxd5 9. Qb3 Nc6 10. a3 Ba5 11. Bxd5 Ne7 12. Bg2 d5 13. O-O Bb6 14. d4 e4 15. Bd2 Bg4 16. Nc3 Qd7 17. Rfc1 Bd8 18. Na4 Ng6 19. Nc5 Qf5 20. Qxb7 Be7 21. Qa6 h5 22. Qf1 Rab8 23. b4 Nh4 24. gxh4 Rb6 25. Nd3 Bd6 26. Ne1 Qf6 27. f4 exf3 28. Nxf3 Bb8 29. Ne5 Qxh4 30. Qf2 Qe7 31. Nc6 Qd7 32. Nxb8 Rfxb8 33. Rc5 Rg6 34. Kh1 h4 35. Bxd5 h3 36. Rg1 Rbb6 37. Rg3 Rbf6 38. Qe1 Bf5 39. e4 Qxd5 40. exd5 Be4+ 41. Kg1 1-0

[Event "CZE-ch Women 2019"]
[Site "Prague"]
[Date "2019.06.15"]
[Round "1.5"]
[White "Rodshtein, Tereza"]
[Black "Pychova, Nela"]
[Result "0-1"]
[ECO "C42"]
[WhiteElo "2213"]
[BlackElo "2174"]
[Annotator "NA"]
[PlyCount "84"]
[EventDate "2019.06.15"]
[EventType "tourn"]
[EventCountry "CZE"]
[SourceTitle "playchess.com"]
[Source "ChessBase"]
[SourceQuality "1"]
[TimeControl "40/5400+30:1800+30"]

1. e4 e5 2. Nf3 Nf6 3. Nxe5 d6 4. Nf3 Nxe4 5. Nc3 Nxc3 6. dxc3 Be7 7. Be3 Nc6 8. Qd2 Be6 9. O-O-O Qd7 10. Kb1 a6 11. h3 O-O-O 12. g4 Ne5 13. Be2 Nc4 14. Bxc4 Bxc4 15. Qd4 Qc6 16. Nd2 Bd5 17. Rhe1 Bf6 18. Qd3 h6 19. Bd4 Bxd4 20. cxd4 b5 21. b3 Qb7 22. Ka1 b4 23. Re3 Qb5 24. Nc4 Rhe8 25. Rde1 Re6 26. Rxe6 fxe6 27. c3 Rf8 28. cxb4 Qxb4 29. Re2 Rf3 30. Ne3 Bb7 31. Kb2 Rxh3 32. a3 Qb5 33. Qc2 Be4 34. Qxe4 Qxe2+ 35. Kc3 Qe1+ 36. Kb2 Qxf2+ 37. Nc2 Rh2 38. Qxe6+ Kb7 39. Qe4+ Kb6 40. Kc3 Qxc2+ 41. Qxc2 Rxc2+ 42. Kxc2 Kc6 0-1

[Event "CZE-ch Women 2019"]
[Site "Prague"]
[Date "2019.06.16"]
[Round "2.2"]
[White "Miturova, Magdalena"]
[Black "Rodshtein, Tereza"]
[Result "1-0"]
[ECO "A38"]
[WhiteElo "2220"]
[BlackElo "2213"]
[Annotator "NA"]
[PlyCount "181"]
[EventDate "2019.06.15"]
[EventType "tourn"]
[EventCountry "CZE"]
[SourceTitle "playchess.com"]
[Source "ChessBase"]
[SourceQuality "1"]
[TimeControl "40/5400+30:1800+30"]

1. Nf3 c5 2. c4 Nc6 3. Nc3 g6 4. g3 Bg7 5. Bg2 Nf6 6. d4 cxd4 7. Nxd4 O-O 8. O-O a6 9. e3 Qc7 10. b3 Rb8 11. Bb2 b5 12. cxb5 Nxd4 13. Qxd4 axb5 14. Nd5 Qd6 15. Nxf6+ Qxf6 16. Qxf6 Bxf6 17. Bxf6 exf6 18. Rfd1 Rd8 19. Rd6 f5 20. Rad1 Kf8 21. R6d4 Ke7 22. e4 fxe4 23. Rxe4+ Kf8 24. Rb4 d6 25. a4 Be6 26. a5 d5 27. Rbd4 Rd6 28. Rc1 b4 29. Rc5 Ke7 30. Bf1 Rd7 31. a6 Kd6 32. Ra5 Ra7 33. f4 Kc6 34. Kf2 h5 35. Ra4 Kc5 36. Ke3 Re7 37. Ra5+ Kc6 38. Kd2 Ra7 39. Ra4 Kc5 40. Ke3 Re7 41. Ra5+ Kc6 42. Kf2 Ra7 43. Rd2 Rc8 44. Rc2+ Kd6 45. Rxc8 Bxc8 46. Ke3 Bd7 47. Kd4 Bc6 48. Bg2 Kc7 49. Kc5 Ra8 50. Bf1 d4 51. Kxb4 Kb6 52. Re5 Rd8 53. Bd3 Rd7 54. Re1 Bd5 55. Ra1 Rc7 56. Bc4 Ba8 57. Rd1 Rd7 58. Bb5 Rd6 59. Bc4 f6 60. Ka3 Be4 61. b4 f5 62. Kb3 Rd7 63. Rd2 Bc6 64. Ra2 Ba8 65. Re2 Be4 66. Ra2 Ba8 67. Kc2 Rc7 68. Kd3 Rd7 69. Kd2 Rc7 70. Bd3 Rd7 71. Ra5 Be4 72. Re5 Bd5 73. Re8 Ka7 74. Rf8 Rd6 75. Rh8 Rd7 76. Bb5 Rd6 77. Rh7+ Kb6 78. Bd3 Be4 79. b5 Bf3 80. Rg7 Bg2 81. Rg8 Bf3 82. Bc4 Kc5 83. Rc8+ Kb6 84. Rb8+ Ka7 85. Re8 Kb6 86. Re5 Be4 87. Bf7 Rf6 88. Be8 Rd6 89. Re7 Ba8 90. Rg7 Re6 91. Rxg6 1-0

[Event "CZE-ch Women 2019"]
[Site "Prague"]
[Date "2019.06.16"]
[Round "2.3"]
[White "Petrova, Kristyna"]
[Black "Sikorova, Olga"]
[Result "1-0"]
[ECO "C00"]
[WhiteElo "2259"]
[BlackElo "2248"]
[Annotator "NA"]
[PlyCount "111"]
[EventDate "2019.06.15"]
[EventType "tourn"]
[EventCountry "CZE"]
[SourceTitle "playchess.com"]
[Source "ChessBase"]
[SourceQuality "1"]
[TimeControl "40/5400+30:1800+30"]

1. e4 e6 2. d4 d5 3. Bd3 dxe4 4. Bxe4 Nf6 5. Bf3 Nbd7 6. Ne2 Be7 7. Nbc3 e5 8. O-O O-O 9. Re1 c6 10. Be3 Qc7 11. Ng3 Re8 12. d5 cxd5 13. Nxd5 Nxd5 14. Bxd5 Nf6 15. Bb3 Bd7 16. h3 Rad8 17. Qe2 b6 18. Rad1 Bc8 19. Rxd8 Bxd8 20. Bd2 Bb7 21. Qc4 Qxc4 22. Bxc4 Bc7 23. Bg5 e4 24. Nf5 Bc8 25. Nh6+ gxh6 26. Bxf6 Bb7 27. Rd1 Bc6 28. Bd5 Bxd5 29. Rxd5 Re6 30. Bc3 Rd6 31. Rxd6 Bxd6 32. Bf6 h5 33. Kf1 h6 34. Ke2 Kh7 35. c4 Kg6 36. Bd4 f5 37. f3 Be7 38. a3 Kg5 39. Ke3 exf3 40. Kxf3 Bd6 41. b4 Bc7 42. h4+ Kg6 43. Be3 Kf7 44. Bxh6 a5 45. bxa5 bxa5 46. a4 Ke6 47. Bf4 Bd8 48. g3 Bb6 49. Bb8 Bc5 50. Kf4 Kf6 51. Be5+ Ke6 52. Bc7 Bb4 53. Kg5 Kd7 54. Be5 Kc6 55. Bd4 Be1 56. Kxf5 {[%emt 0:00:22] Kd5} 1-0

[Event "CZE-ch Women 2019"]
[Site "Prague"]
[Date "2019.06.16"]
[Round "2.4"]
[White "Kanakova, Natalie"]
[Black "Olsarova, Karolina"]
[Result "1/2-1/2"]
[ECO "C28"]
[WhiteElo "2201"]
[BlackElo "2260"]
[Annotator "NA"]
[PlyCount "82"]
[EventDate "2019.06.15"]
[EventType "tourn"]
[EventCountry "CZE"]
[SourceTitle "playchess.com"]
[Source "ChessBase"]
[SourceQuality "1"]
[TimeControl "40/5400+30:1800+30"]

1. e4 e5 2. Nc3 Nf6 3. Bc4 Nc6 4. d3 Na5 5. Bb3 Bc5 6. f4 Nxb3 7. axb3 exf4 8. e5 Ng8 9. Bxf4 d5 10. d4 Bb4 11. Nf3 Ne7 12. O-O h6 13. Ra4 a5 14. Nb5 Bd7 15. Qe2 Ng6 16. e6 O-O 17. Bg3 Bxb5 18. Qxb5 Ra7 19. c3 Be7 20. Qd3 Ra6 21. Re1 Qc8 22. exf7+ Kxf7 23. Ne5+ Nxe5 24. Bxe5 Bf6 25. Bxf6 Rxf6 26. Rxa5 c6 27. c4 Qc7 28. Raa1 Kg8 29. Re5 Qf7 30. h3 Rf2 31. Re2 Rf1+ 32. Rxf1 Qxf1+ 33. Kh2 Qf4+ 34. g3 Qf3 35. Qxf3 Rxf3 36. cxd5 cxd5 37. Re5 Rxb3 38. Rxd5 Rxb2+ 39. Kg1 Kf7 40. Rd6 Ke7 41. Rg6 Kf7 1/2-1/2

[Event "CZE-ch Women 2019"]
[Site "Prague"]
[Date "2019.06.16"]
[Round "2.5"]
[White "Laurincova, Kristyna"]
[Black "Kulovana, Eva"]
[Result "0-1"]
[ECO "B12"]
[WhiteElo "1984"]
[BlackElo "2208"]
[Annotator "NA"]
[PlyCount "70"]
[EventDate "2019.06.15"]
[EventType "tourn"]
[EventCountry "CZE"]
[SourceTitle "playchess.com"]
[Source "ChessBase"]
[SourceQuality "1"]
[TimeControl "40/5400+30:1800+30"]

1. e4 c6 2. d4 d5 3. e5 c5 4. dxc5 Nc6 5. Bb5 e6 6. Bxc6+ bxc6 7. b4 a5 8. c3 Ba6 9. f4 Qb8 10. a3 h5 11. Nf3 f6 12. Nbd2 Ne7 13. Nb3 axb4 14. cxb4 Nf5 15. Nbd4 Nxd4 16. Nxd4 Kd7 17. Nf3 Be7 18. Kf2 g5 19. Qd4 g4 20. exf6 gxf3 21. fxe7 fxg2 22. Re1 Rg8 23. Bb2 Qb5 24. Qe5 Rae8 25. Qxe6+ Kc7 26. Qd6+ Kb7 27. Qd7+ Ka8 28. Qe6 Rg4 29. Qe3 Qc4 30. Bd4 Qc2+ 31. Kg1 Qc4 32. Kf2 Rxe7 33. Qxe7 Qxd4+ 34. Qe3 g1=Q+ 35. Rxg1 Rxf4+ 0-1

[Event "CZE-ch Women 2019"]
[Site "Prague"]
[Date "2019.06.17"]
[Round "3.1"]
[White "Kulovana, Eva"]
[Black "Novosadova, Kristyna"]
[Result "0-1"]
[ECO "A48"]
[WhiteElo "2208"]
[BlackElo "2209"]
[Annotator "NA"]
[PlyCount "90"]
[EventDate "2019.06.15"]
[EventType "tourn"]
[EventCountry "CZE"]
[SourceTitle "playchess.com"]
[Source "ChessBase"]
[SourceQuality "1"]
[TimeControl "40/5400+30:1800+30"]

1. d4 Nf6 2. Nf3 g6 3. Bg5 Bg7 4. c3 d5 5. Nbd2 Nbd7 6. e3 c5 7. Bd3 h6 8. Bh4 Qb6 9. Qb3 Qe6 10. c4 cxd4 11. cxd5 Nxd5 12. e4 N7b6 13. Bb5+ Kf8 14. O-O Nc7 15. Bd3 Qxb3 16. Nxb3 Bg4 17. Nfd2 g5 18. Bg3 Ne6 19. Rac1 Na4 20. Rc2 b6 21. f3 Bh5 22. Rfc1 Kg8 23. e5 Nec5 24. Nxc5 Nxc5 25. Bf1 Bg6 26. Rc4 Rd8 27. b4 Ne6 28. Re1 Kh7 29. Bf2 Rd5 30. g3 Bf5 31. h4 gxh4 32. g4 Bg6 33. Bxh4 Rxe5 34. Rxe5 Bxe5 35. Bxe7 Re8 36. Bh4 Bf4 37. Ne4 Bxe4 38. fxe4 Rg8 39. Bf6 Rxg4+ 40. Kf2 Be3+ 41. Ke1 Rg1 42. Rc6 d3 43. Rd6 d2+ 44. Ke2 Rxf1 45. Kxf1 Nd4 0-1

[Event "CZE-ch Women 2019"]
[Site "Prague"]
[Date "2019.06.17"]
[Round "3.2"]
[White "Olsarova, Karolina"]
[Black "Laurincova, Kristyna"]
[Result "1-0"]
[ECO "B70"]
[WhiteElo "2260"]
[BlackElo "1984"]
[Annotator "NA"]
[PlyCount "77"]
[EventDate "2019.06.15"]
[EventType "tourn"]
[EventCountry "CZE"]
[SourceTitle "playchess.com"]
[Source "ChessBase"]
[SourceQuality "1"]
[TimeControl "40/5400+30:1800+30"]

1. e4 c5 2. Nf3 d6 3. d4 cxd4 4. Nxd4 Nf6 5. Nc3 g6 6. g3 Nc6 7. Nde2 Bd7 8. Bg2 Qc8 9. h3 Bg7 10. Be3 O-O 11. Nd5 Nxd5 12. exd5 Ne5 13. Bd4 Bb5 14. Bc3 Qc4 15. Nd4 Ba6 16. Nb3 Rac8 17. Qd2 Qa4 18. Qd1 Rc4 19. f4 Re4+ 20. Bxe4 Qxe4+ 21. Kf2 Bh6 22. Re1 Qf5 23. Kg2 Nc4 24. Rc1 Nb6 25. Qd4 Qxd5+ 26. Qxd5 Nxd5 27. Bd4 Rc8 28. Nd2 Kf8 29. Kf3 Nb4 30. Bxa7 Nxc2 31. Kf2 Bd3 32. Re3 Bf5 33. Rb3 Rc7 34. Bb6 Rc6 35. Ba7 Ra6 36. Rxb7 Rxa2 37. g4 Bxf4 38. gxf5 Rxa7 39. Rxa7 1-0

[Event "CZE-ch Women 2019"]
[Site "Prague"]
[Date "2019.06.17"]
[Round "3.3"]
[White "Sikorova, Olga"]
[Black "Kanakova, Natalie"]
[Result "1/2-1/2"]
[ECO "A04"]
[WhiteElo "2248"]
[BlackElo "2201"]
[Annotator "NA"]
[PlyCount "54"]
[EventDate "2019.06.15"]
[EventType "tourn"]
[EventCountry "CZE"]
[SourceTitle "playchess.com"]
[Source "ChessBase"]
[SourceQuality "1"]
[TimeControl "40/5400+30:1800+30"]

1. Nf3 c5 2. c4 g6 3. g3 Bg7 4. Bg2 Nc6 5. O-O e5 6. Nc3 Nge7 7. Ne1 O-O 8. Nc2 Rb8 9. a3 d6 10. Ne3 a6 11. Ned5 b5 12. cxb5 axb5 13. b4 cxb4 14. axb4 Be6 15. Nxe7+ Nxe7 16. Bb2 d5 17. Ra6 Qd7 18. Qa1 Nc6 19. Qa3 e4 20. d3 exd3 21. exd3 Ne5 22. Ne2 Bf5 23. Nf4 d4 24. Ra7 Qd6 25. Ra6 Qd7 26. Ra7 Qd6 27. Ra6 Qd7 1/2-1/2

[Event "CZE-ch Women 2019"]
[Site "Prague"]
[Date "2019.06.17"]
[Round "3.4"]
[White "Rodshtein, Tereza"]
[Black "Petrova, Kristyna"]
[Result "1/2-1/2"]
[ECO "B33"]
[WhiteElo "2213"]
[BlackElo "2259"]
[Annotator "NA"]
[PlyCount "60"]
[EventDate "2019.06.15"]
[EventType "tourn"]
[EventCountry "CZE"]
[SourceTitle "playchess.com"]
[Source "ChessBase"]
[SourceQuality "1"]
[TimeControl "40/5400+30:1800+30"]

1. e4 c5 2. Nf3 Nc6 3. d4 cxd4 4. Nxd4 Nf6 5. Nc3 e6 6. Ndb5 Bb4 7. a3 Bxc3+ 8. Nxc3 d5 9. exd5 exd5 10. Bd3 O-O 11. O-O d4 12. Ne2 Bg4 13. Bg5 Qd6 14. f3 Bh5 15. Qd2 Rad8 16. Qf4 Bg6 17. Qxd6 Rxd6 18. Nf4 Bxd3 19. Nxd3 Nd5 20. Rfe1 f6 21. Bd2 Kf7 22. Kf2 Re8 23. Rxe8 Kxe8 24. h4 Kf7 25. Re1 b6 26. Nf4 Ne5 27. Re4 Nxf4 28. Bxf4 d3 29. cxd3 Nxd3+ 30. Kg3 Nxf4 1/2-1/2

[Event "CZE-ch Women 2019"]
[Site "Prague"]
[Date "2019.06.18"]
[Round "4.1"]
[White "Novosadova, Kristyna"]
[Black "Miturova, Magdalena"]
[Result "0-1"]
[ECO "E16"]
[WhiteElo "2209"]
[BlackElo "2220"]
[Annotator "NA"]
[PlyCount "72"]
[EventDate "2019.06.15"]
[EventType "tourn"]
[EventCountry "CZE"]
[SourceTitle "playchess.com"]
[Source "ChessBase"]
[SourceQuality "1"]
[TimeControl "40/5400+30:1800+30"]

1. d4 Nf6 2. c4 e6 3. Nf3 Bb4+ 4. Bd2 Qe7 5. g3 Ne4 6. a3 Bxd2+ 7. Nfxd2 Nxd2 8. Qxd2 d5 9. Nc3 c6 10. b3 f5 11. Bg2 Nd7 12. O-O Nf6 13. f3 O-O 14. e4 b6 15. e5 Ne8 16. f4 Nc7 17. Rfc1 Bb7 18. cxd5 exd5 19. Nd1 Ne6 20. b4 Rad8 21. Rab1 Kh8 22. a4 Ba8 23. Nc3 g5 24. Ne2 c5 25. bxc5 bxc5 26. dxc5 Nxc5 27. Qb4 Rc8 28. Nd4 gxf4 29. Nb3 Qxe5 30. Nxc5 Qe3+ 31. Kh1 f3 32. Bf1 d4 33. h4 f4 34. Nb7 fxg3 35. Rc2 Qf4 36. Rd2 Qxh4+ 0-1

[Event "CZE-ch Women 2019"]
[Site "Prague"]
[Date "2019.06.18"]
[Round "4.2"]
[White "Petrova, Kristyna"]
[Black "Pychova, Nela"]
[Result "1/2-1/2"]
[ECO "A30"]
[WhiteElo "2259"]
[BlackElo "2174"]
[Annotator "NA"]
[PlyCount "84"]
[EventDate "2019.06.15"]
[EventType "tourn"]
[EventCountry "CZE"]
[SourceTitle "playchess.com"]
[Source "ChessBase"]
[SourceQuality "1"]
[TimeControl "40/5400+30:1800+30"]

1. Nf3 Nf6 2. c4 e6 3. Nc3 c5 4. g3 b6 5. Bg2 Bb7 6. O-O Be7 7. d4 cxd4 8. Nxd4 Bxg2 9. Kxg2 a6 10. e4 Qc7 11. Be3 O-O 12. Rc1 Qb7 13. Qf3 Ra7 14. h3 d6 15. Nb3 Rc8 16. Nd2 Nc6 17. Kg1 Raa8 18. Qe2 Rab8 19. a4 Nd7 20. Rfd1 Nc5 21. Nf3 Nb3 22. Rb1 Nca5 23. Nd4 Nxd4 24. Rxd4 Nb3 25. Rd3 Qc6 26. Qd1 Qxc4 27. Nd5 exd5 28. Rxb3 dxe4 29. Rxb6 Rxb6 30. Bxb6 Qb4 31. Bd4 Rc4 32. Bc3 Qb6 33. Ra1 Qc6 34. Qb3 Bf8 35. a5 Rc5 36. Qb8 Rb5 37. Qd8 Rb7 38. Bxg7 Kxg7 39. Qg5+ Kh8 40. Qf6+ Kg8 41. Qg5+ Bg7 42. Qd8+ Bf8 1/2-1/2

[Event "CZE-ch Women 2019"]
[Site "Prague"]
[Date "2019.06.18"]
[Round "4.3"]
[White "Kanakova, Natalie"]
[Black "Rodshtein, Tereza"]
[Result "1-0"]
[ECO "C55"]
[WhiteElo "2201"]
[BlackElo "2213"]
[Annotator "NA"]
[PlyCount "119"]
[EventDate "2019.06.15"]
[EventType "tourn"]
[EventCountry "CZE"]
[SourceTitle "playchess.com"]
[Source "ChessBase"]
[SourceQuality "1"]
[TimeControl "40/5400+30:1800+30"]

1. e4 e5 2. Nf3 Nc6 3. d4 exd4 4. Bc4 Nf6 5. e5 d5 6. Bb5 Ne4 7. Nxd4 Bd7 8. Bxc6 bxc6 9. O-O Bc5 10. f3 Ng5 11. Be3 Bb6 12. f4 Ne4 13. Nd2 Nxd2 14. Qxd2 c5 15. Nf3 d4 16. Bf2 Bc6 17. Qd3 Qd5 18. a4 c4 19. Qd2 O-O-O 20. a5 Bc5 21. b4 c3 22. Qd3 Bxb4 23. Rfe1 Bc5 24. e6 f6 25. Rab1 Rhe8 26. f5 g6 27. Bh4 g5 28. Bg3 Rd6 29. Kh1 Kd8 30. Bxd6 Bxd6 31. Qxd4 Qxf5 32. Qxc3 Be4 33. Rb8+ Ke7 34. Rxe8+ Kxe8 35. Qe3 Bd5 36. Qd3 Qxd3 37. cxd3 Bb4 38. Rb1 c5 39. d4 Bxe6 40. dxc5 Bxc5 41. Rc1 Bb4 42. Nd4 Bd7 43. Nc6 Bxc6 44. Rxc6 Bxa5 45. Rxf6 h5 46. Rh6 h4 47. Rh8+ Kf7 48. Rh7+ Kg6 49. Rxa7 Bd2 50. Ra6+ Kh5 51. Kg1 Be3+ 52. Kf1 Bf4 53. h3 g4 54. Ra5+ Bg5 55. hxg4+ Kxg4 56. Kf2 h3 57. gxh3+ Kh4 58. Kg2 Bd2 59. Ra4+ Kh5 60. h4 1-0

[Event "CZE-ch Women 2019"]
[Site "Prague"]
[Date "2019.06.18"]
[Round "4.4"]
[White "Laurincova, Kristyna"]
[Black "Sikorova, Olga"]
[Result "1/2-1/2"]
[ECO "C07"]
[WhiteElo "1984"]
[BlackElo "2248"]
[Annotator "NA"]
[PlyCount "119"]
[EventDate "2019.06.15"]
[EventType "tourn"]
[EventCountry "CZE"]
[SourceTitle "playchess.com"]
[Source "ChessBase"]
[SourceQuality "1"]
[TimeControl "40/5400+30:1800+30"]

1. e4 e6 2. d4 d5 3. Nd2 c5 4. exd5 Qxd5 5. Ngf3 cxd4 6. Bc4 Qd6 7. Qe2 Nf6 8. Nb3 Nc6 9. Bg5 Be7 10. O-O-O a6 11. Kb1 b5 12. Bd3 O-O 13. Nbxd4 Nxd4 14. Nxd4 Qc7 15. Rhe1 Re8 16. Nf3 Bb7 17. Ne5 Bd5 18. Ng4 Nxg4 19. Bxe7 Nxf2 20. Qxf2 Qxe7 21. Bxh7+ Kxh7 22. Rxd5 Rad8 23. Rh5+ Kg8 24. a3 Qf6 25. Qxf6 gxf6 26. Kc1 Kg7 27. Re3 f5 28. Rg3+ Kf6 29. Rh6+ Ke5 30. Re3+ Kd4 31. Rd3+ Ke4 32. Rhh3 f4 33. Kd2 Rg8 34. Rxd8 Rxd8+ 35. Ke2 Rg8 36. Kf2 Rc8 37. c3 a5 38. Ke2 e5 39. Rd3 Rg8 40. g3 Rh8 41. h4 fxg3 42. Rxg3 Rxh4 43. Re3+ Kd5 44. b3 Rh2+ 45. Kd3 e4+ 46. Rxe4 Rd2+ 47. Kxd2 Kxe4 48. a4 bxa4 49. bxa4 f5 50. Ke2 Kd5 51. Kd3 Kc5 52. c4 Kb4 53. Kd4 Kxa4 54. c5 Kb5 55. Kd5 f4 56. c6 f3 57. c7 f2 58. c8=Q f1=Q 59. Qc5+ Ka4 60. Qc4+ 1/2-1/2

[Event "CZE-ch Women 2019"]
[Site "Prague"]
[Date "2019.06.18"]
[Round "4.5"]
[White "Kulovana, Eva"]
[Black "Olsarova, Karolina"]
[Result "1/2-1/2"]
[ECO "C67"]
[WhiteElo "2208"]
[BlackElo "2260"]
[Annotator "NA"]
[PlyCount "114"]
[EventDate "2019.06.15"]
[EventType "tourn"]
[EventCountry "CZE"]
[SourceTitle "playchess.com"]
[Source "ChessBase"]
[SourceQuality "1"]
[TimeControl "40/5400+30:1800+30"]

1. e4 e5 2. Nf3 Nc6 3. Bb5 Nf6 4. O-O Nxe4 5. Re1 Nd6 6. Nxe5 Be7 7. Bf1 Nf5 8. Nf3 O-O 9. d4 d5 10. h3 Bf6 11. c3 Nd6 12. Bd3 Bf5 13. Bxf5 Nxf5 14. Bf4 Qd7 15. Qd3 Rfe8 16. Nbd2 Nfe7 17. Qb5 b6 18. Qa6 Ng6 19. Bg3 Be7 20. Ne5 Ncxe5 21. Bxe5 c6 22. Nf3 Bf8 23. a4 Re6 24. Bg3 Qc8 25. Qd3 Bd6 26. Rxe6 Qxe6 27. Re1 Qf6 28. Bxd6 Qxd6 29. g3 Qd7 30. Kg2 Re8 31. Rxe8+ Qxe8 32. Qf5 h6 33. h4 Nf8 34. Qf4 c5 35. dxc5 bxc5 36. Qd6 Qxa4 37. Qxc5 Qd7 38. Ne5 Qe6 39. Nc6 Ng6 40. Kh2 Kh7 41. Nb4 Qe5 42. Qxa7 Nxh4 43. Qxf7 d4 44. Qf4 Qxf4 45. gxf4 dxc3 46. bxc3 Nf3+ 47. Kg3 Nd2 48. Nd5 Kg6 49. Kg4 h5+ 50. Kh4 Kf5 51. Kg3 Ke6 52. Nc7+ Kf5 53. f3 h4+ 54. Kxh4 Kxf4 55. Ne6+ Kxf3 56. Nxg7 Ke4 57. Ne6 Ke5 1/2-1/2

[Event "CZE-ch Women 2019"]
[Site "Prague"]
[Date "2019.06.19"]
[Round "5.1"]
[White "Olsarova, Karolina"]
[Black "Novosadova, Kristyna"]
[Result "1-0"]
[ECO "B28"]
[WhiteElo "2260"]
[BlackElo "2209"]
[Annotator "NA"]
[PlyCount "79"]
[EventDate "2019.06.15"]
[EventType "tourn"]
[EventCountry "CZE"]
[SourceTitle "playchess.com"]
[Source "ChessBase"]
[SourceQuality "1"]
[TimeControl "40/5400+30:1800+30"]

1. e4 c5 2. Nf3 a6 3. c4 Nc6 4. Be2 e5 5. O-O d6 6. Nc3 f5 7. exf5 Bxf5 8. d3 h6 9. Nd2 Nf6 10. Nde4 g6 11. Be3 Bg7 12. Qd2 Qd7 13. a3 Nd4 14. Rab1 Bxe4 15. dxe4 O-O 16. Bxh6 Nxe2+ 17. Nxe2 Nxe4 18. Qd5+ Qf7 19. Qxe4 Bxh6 20. Rbd1 Rad8 21. Rd3 b5 22. b3 Qf5 23. Qd5+ Kg7 24. Ng3 Qf7 25. Ne4 Qxd5 26. Rxd5 bxc4 27. bxc4 Rf4 28. Nxc5 Kf6 29. Nb7 Rb8 30. Rxd6+ Kg5 31. Nd8 Rxc4 32. Nf7+ Kh5 33. Nxe5 Rc3 34. Rxg6 Bf4 35. Rxa6 Bxe5 36. Ra5 Re8 37. f4 Kg4 38. fxe5 Rc2 39. e6 Rc3 40. Raf5 1-0

[Event "CZE-ch Women 2019"]
[Site "Prague"]
[Date "2019.06.19"]
[Round "5.2"]
[White "Sikorova, Olga"]
[Black "Kulovana, Eva"]
[Result "1/2-1/2"]
[ECO "A14"]
[WhiteElo "2248"]
[BlackElo "2208"]
[Annotator "NA"]
[PlyCount "166"]
[EventDate "2019.06.15"]
[EventType "tourn"]
[EventCountry "CZE"]
[SourceTitle "playchess.com"]
[Source "ChessBase"]
[SourceQuality "1"]
[TimeControl "40/5400+30:1800+30"]

1. Nf3 Nf6 2. c4 e6 3. g3 d5 4. Bg2 Be7 5. O-O O-O 6. b3 c5 7. Bb2 Nc6 8. e3 d4 9. exd4 cxd4 10. d3 e5 11. Na3 a5 12. Nc2 Nd7 13. Re1 f6 14. Qe2 Re8 15. Nh4 g6 16. f4 Bc5 17. Qd2 Nb4 18. a3 Nxc2 19. Qxc2 Ra6 20. Rab1 Rb6 21. Bd5+ Kg7 22. Nf3 Rd6 23. Bc1 Rxd5 24. cxd5 e4 25. Bd2 exf3 26. Bxa5 b6 27. Bd2 Bb7 28. b4 Bd6 29. Qc4 Rxe1+ 30. Rxe1 Qa8 31. Qxd4 Qxa3 32. Ra1 Qb3 33. Kf2 Bb8 34. Kxf3 Qxd5+ 35. Qxd5 Bxd5+ 36. Ke2 Kf7 37. Be3 Bb7 38. Rc1 Ke6 39. Rc4 f5 40. Bd4 Bd6 41. b5 Nc5 42. Bxc5 Bxc5 43. d4 Bd6 44. Ra4 Bb8 45. Kd3 h6 46. Ra1 g5 47. Ke3 Kd5 48. Rc1 Bd6 49. h4 g4 50. Kd3 Ke6 51. Re1+ Be4+ 52. Kc4 Kd7 53. Ra1 Bb8 54. Ra6 Kc7 55. Ra2 Kb7 56. Ra1 Bd6 57. Ra2 Bf3 58. Rb2 Ba3 59. Rc2 Be4 60. Re2 Bc1 61. Re1 Bd2 62. Re2 Ba5 63. Re3 Kc7 64. Re2 Kd6 65. Re3 Bg2 66. Re5 Bf1+ 67. Kb3 Bd3 68. Re3 Bxb5 69. Re5 Bd3 70. Re8 b5 71. h5 Kd5 72. Rh8 Bb6 73. Rxh6 Bxd4 74. Rh7 Ke4 75. h6 Bc4+ 76. Kb4 Kf3 77. Rd7 Bf6 78. h7 Kxg3 79. Rd6 Bh8 80. Rd8 Bg7 81. Rd7 Bf6 82. Rd6 Bb2 83. Rd2 Bf6 1/2-1/2